 Dungeon Crawl Stone Soup version 0.31.0-9-g3a7656b989 (webtiles) character file.

Game seed: 559110055184135995

569 qw the Shooter (level 6, -6/51 HPs)
             Began as a Demigod Hunter on Feb 2, 2024.
             Mangled by a gnoll
             ... wielding a +0 halberd
             ... led by a gnoll bouda
              (9 damage)
             ... on level 5 of the Dungeon.
             The game lasted 00:00:12 (3162 turns).

qw the Shooter (Demigod Hunter)                     Turns: 3162, Time: 00:00:12

Health: -6/51      AC:  6    Str: 12    XL:     6   Next: 86%
Magic:  8/8        EV: 13    Int: 11    God:
Gold:   186        SH:  5    Dex: 30    Spells: 5/5 levels left

rFire   + . .        a - +1 shortbow (heavy)
rCold   . . .        (shield currently unavailable)
rNeg    + + .        l - +0 ring mail
rPois   .            (no helmet)
rElec   .            (no cloak)
rCorr   .            (no gloves)
SInv    .            g - +0 pair of boots
Will    .....        n - amulet "Akluycw" {Reflect rN++ Dex+5 SH+5}
Stlth   ++           h - ring of protection from fire
HPRegen 0.28/turn    (no ring)
MPRegen 0.11/turn

%: reflection
@: about to teleport
A: high MP 1, forlorn, divine attributes
a: no special abilities


You were on level 5 of the Dungeon.
You visited 1 branch of the dungeon, and saw 5 of its levels.

You collected 186 gold pieces.


Innate Abilities, Weirdness & Mutations

You have an increased reservoir of magic. (+10% MP)
You shall have no god before yourself.
Your divine heritage dramatically boosts your attributes as you level up.


   Skills:
 - Level 3.1 Fighting
 + Level 6.3 Ranged Weapons
 - Level 1.2 Armour
 - Level 3.7 Dodging
 - Level 0.8 Stealth


You had 5 spell levels left.
You didn't know any spells.
Your spell library was empty.

Inventory:

Hand Weapons
 a - a +1 heavy shortbow (weapon)
Armour
 g - a +0 pair of boots (worn)
 l - a +0 ring mail (worn)
Jewellery
 h - a ring of protection from fire (left hand)
 n - the amulet "Akluycw" (around neck) {Reflect rN++ Dex+5 SH+5}
   (You found it on level 2 of the Dungeon)

   [amulet of reflection]

   Reflect:   It reflects blocked missile attacks.
   Dex+5:     It affects your dexterity (+5).
   rN++:      It greatly protects you from negative energy.
   SH+5:      It affects your SH (+5).
Wands
 d - a wand of flame (13)
 o - a wand of polymorph (7)
Potions
 b - 2 potions of curing
 j - a potion of cancellation
 k - a potion of mutation {unknown}
 m - a potion of haste {unknown}
 p - a potion of brilliance {unknown}

Dungeon Overview and Level Annotations

Branches:
Dungeon (5/15)             Temple (0/1) D:4


Message History

The black bear bites you but does no damage.
The black bear claws you but does no damage. x2
You block the gnoll's attack. The black bear bites you.
The black bear closely misses you. The black bear barely misses you.
You shoot an arrow.
The arrow hits the black bear but does no damage.
The black bear is lightly wounded.
The gnoll is no longer moving quickly.
You block the gnoll's attack.
The black bear misses you. x2; The black bear closely misses you.
The gnoll hits you from afar with a +0 halberd.
The black bear closely misses you.
The black bear claws you but does no damage.
The black bear closely misses you.
You shoot an arrow. The arrow hits the black bear!
The black bear is heavily wounded.
The gnoll barely misses you. You block the black bear's attack.
The black bear claws you but does no damage.
The black bear closely misses you. The gnoll barely misses you.
You shoot an arrow.
The arrow hits the black bear but does no damage.
The black bear is heavily wounded.
The black bear bites you. The black bear claws you.
The black bear claws you but does no damage.
The gnoll hits you from afar with a +0 halberd.
The black bear bites you.
The black bear claws you but does no damage.
The black bear claws you. The gnoll misses you.
3161 ||| READING scroll of teleportation.
As you read the scroll of teleportation, it crumbles to dust.
You feel strangely unstable. The black bear barely misses you.
The black bear claws you.
The black bear claws you but does no damage.
The gnoll barely misses you.
You shoot an arrow. The arrow hits the black bear.
The black bear is heavily wounded.
You block the black bear's attack.
The black bear claws you but does no damage.
The black bear claws you.
The gnoll hits you from afar with a +0 halberd!
You die...

... . ... ....
.##.# #... ....
... #.##..
#.#####....
..).)gh.#^###
#@#...## #...#..#
####+####.#
+.......'.# #.
#.#...#.### #.#
#.#._.#.# #.#
###.#...#.# #.#
##.'.......+
###.###..####+####


You could see a black bear and a gnoll.

Vanquished Creatures
  An ogre (D:4)
  A phantom (D:4)
  2 hounds (D:4)
  A gnoll bouda (D:5)
  A jelly (D:4)
  A sleepcap (D:4)
  Jessica (D:3)
  Natasha (thrice) (D:2)
  4 adders
  3 gnolls (D:5)
  6 dart slugs
  A ribbon worm (D:4)
  4 orcs (D:4)
  8 ball pythons
  4 bats
  10 endoplasms
  2 giant cockroaches (D:3)
  8 hobgoblins
  4 jackals (D:4)
  10 kobolds
  4 quokkas
  3 frilled lizards
  7 goblins
  7 rats
96 creatures vanquished.

Notes
Turn   | Place    | Note
-------+----------+-------------------------------------------
     0 | D:1      | qw the Demigod Hunter began the quest for the Orb.
     0 | D:1      | Reached XP level 1. HP: 17/17 MP: 3/3
     0 | D:1      | 0 ||| qw: Version: 0.3-a-155-g5e7d8dd
     0 | D:1      | 0 ||| qw: Game counter: 83
     0 | D:1      | 0 ||| qw: Melee chars always use a shield: true
     0 | D:1      | 0 ||| qw: God list: Okawaru
     0 | D:1      | 0 ||| qw: Allow faded altars: false
     0 | D:1      | 0 ||| qw: Do Orc after clearing Dungeon:15 true
     0 | D:1      | 0 ||| qw: Do second Lair branch before Depths: true
     0 | D:1      | 0 ||| qw: Lair rune preference: random
     0 | D:1      | 0 ||| qw: Goals: Normal
     0 | D:1      | 0 ||| PLANNING D:1-11
    91 | D:1      | Reached skill level 4 in Ranged Weapons
   103 | D:1      | Reached XP level 2. HP: 24/24 MP: 4/4
   704 | D:1      | 704 ||| UPGRADING to +0 pair of boots.
   709 | D:1      | 709 ||| UPGRADING to ring of protection from fire.
   710 | D:1      | 710 ||| READING scroll labelled FEXTEZ HOOK.
   710 | D:1      | 710 ||| IDENTIFYING white potion
   711 | D:1      | 711 ||| READING scroll labelled NIEQENUOCH.
   711 | D:1      | 711 ||| BRANDING +0 shortbow.
   712 | D:1      | 712 ||| READING 2 scrolls labelled REFEOXT HERO.
   715 | D:1      | 715 ||| DROPPING scroll of butterflies.
   716 | D:1      | 716 ||| DROPPING potion of degeneration.
   767 | D:2      | Reached XP level 3. HP: 29/29 MP: 5/5
   965 | D:2      | Noticed Natasha
   970 | D:2      | 970 ||| FLEEEEING.
   971 | D:2      | 971 ||| FLEEEEING.
   972 | D:2      | 972 ||| FLEEEEING.
   973 | D:2      | 973 ||| FLEEEEING.
   974 | D:2      | 974 ||| FLEEEEING.
   975 | D:2      | 975 ||| FLEEEEING.
   976 | D:2      | 976 ||| FLEEEEING.
   977 | D:2      | 977 ||| FLEEEEING.
   978 | D:2      | 978 ||| FLEEEEING.
   979 | D:2      | 979 ||| FLEEEEING.
   980 | D:2      | 980 ||| FLEEEEING.
   981 | D:2      | 981 ||| FLEEEEING.
   982 | D:2      | 982 ||| FLEEEEING.
   983 | D:2      | 983 ||| FLEEEEING.
   986 | D:2      | Killed Natasha
   987 | D:2      | Reached skill level 5 in Ranged Weapons
   987 | D:2      | Reached XP level 4. HP: 13/36 MP: 6/6
  1007 | D:2      | Noticed Natasha
  1008 | D:2      | 1008 ||| FLEEEEING.
  1076 | D:2      | Killed Natasha
  1107 | D:2      | Identified the amulet "Akluycw" {Reflect rN++ Dex+5 SH+5}
  1121 | D:2      | Noticed Natasha
  1125 | D:2      | Killed Natasha
  1449 | D:2      | 1449 ||| UPGRADING to amulet "Akluycw" {Reflect rN++ Dex+5
                  | SH+5}.
  1454 | D:2      | 1454 ||| READING scroll of identify.
  1454 | D:2      | 1454 ||| IDENTIFYING bubbling black potion
  1455 | D:2      | 1455 ||| READING scroll labelled LAFIS ZOISCHU.
  1503 | D:2      | 1503 ||| READING scroll labelled XOPEOXK ETATOI.
  1504 | D:2      | 1504 ||| READING scroll labelled PEMADW KERR.
  1504 | D:2      | 1504 ||| ENCHANTING +0 heavy shortbow.
  1505 | D:2      | 1505 ||| READING scroll labelled HEM LIDEASIUD.
  1506 | D:2      | 1506 ||| DROPPING potion of ambrosia.
  1964 | D:3      | Noticed Jessica
  1966 | D:3      | Killed Jessica
  1967 | D:3      | Reached XP level 5. HP: 41/41 MP: 7/7
  2239 | D:3      | 2239 ||| DRINKING 2 cyan potions.
  2240 | D:3      | 2240 ||| DRINKING 2 brown potions.
  2276 | D:4      | Noticed an ogre
  2279 | D:4      | Killed an ogre
  2280 | D:4      | Reached skill level 3 in Dodging
  2353 | D:4      | Reached XP level 6. HP: 48/48 MP: 8/8
  2356 | D:4      | Reached skill level 6 in Ranged Weapons
  2372 | D:4      | Reached skill level 3 in Fighting
  2798 | D:4      | Found a staircase to the Ecumenical Temple.
  3084 | D:4      | 3084 ||| UPGRADING to +0 ring mail.
  3094 | D:4      | 3094 ||| DROPPING +0 leather armour.
  3095 | D:4      | 3095 ||| READING scroll of identify.
  3095 | D:4      | 3095 ||| IDENTIFYING pink potion
  3096 | D:4      | 3096 ||| DROPPING potion of lignification.
  3117 | D:5      | Entered Level 5 of the Dungeon
  3148 | D:5      | 3148 ||| RETREEEEATING.
  3152 | D:5      | Reached skill level 1 in Armour
  3160 | D:5      | HP: 12/51 [black bear (3)]
  3161 | D:5      | 3161 ||| READING scroll of teleportation.
  3161 | D:5      | HP: 5/51 [black bear (3)]
  3162 | D:5      | Mangled by a gnoll

Levels and vault maps discovered:
D:1:      moated_graveyard_arrival, layout_basic, st_stairs_2
D:2:      layout_rooms, serial_bayou_pond_c, minmay_liquid_box, uniq_natasha
D:3:      layout_rooms, kennysheep_ying_yang, mainiacjoe_overflow_catwalk,
          shapermc_ecumenical_altar_ellora, kennysheep_nub,
          chequers_serial_rivers_small_a, minmay_misc_feat_alley, uniq_jessica
D:4:      layout_loops_ring, minmay_overflow_temple_star_hex,
          minmay_temple_entry_glassed_door, solitary_fountain
D:5:      layout_rooms, mainiacjoe_overflow_six_doors_small,
          mainiacjoe_overflow_alcove_4, serial_shops,
          nicolae_shop_window_shopping, uniq_menkaure, uniq_grinder

Skill      XL: |  1  2  3  4  5  6 |
---------------+-------------------+-----
Ranged Weapons | 4 5 6 |  6.3
Fighting       | 2 3 |  3.1
Dodging        | 2 3 |  3.7
Armour         | 1 |  1.2
Stealth        | |  0.8

Action                     |  1- 3 |  4- 6 || total
---------------------------+-------+-------++-------
   Fire: Shortbow          |    86 |   120 ||   206
    Use: Scroll            |     3 |     7 ||    10
         Potion            |       |     2 ||     2
 Armour: Leather armour    |     6 |     9 ||    15
         Skin              |     6 |     1 ||     7
         Ring mail         |       |    30 ||    30
  Dodge: Dodged            |    19 |    32 ||    51
  Block: Other             |       |    12 ||    12
         Reflection        |       |     2 ||     2

Table legend:
 A = Non-vault XP
 B = Vault XP
 C = Vault XP percentage of total XP
 D = Non-vault monster count
 E = Vault monster count
 F = Vault count percentage of total count
                 A         B        C        D         E       F
            +---------+---------+-------+---------+---------+-------
      Total |     739 |      75 |   9.2 |      92 |       4 |   4.2
            +---------+---------+-------+---------+---------+-------
        D:1 |      40 |       3 |   7.0 |      24 |       2 |   7.7
        D:2 |     124 |      35 |  22.0 |      18 |       1 |   5.3
        D:3 |      33 |      37 |  52.9 |      18 |       1 |   5.3
        D:4 |     460 |       0 |   0.0 |      28 |       0 |   0.0
        D:5 |      82 |       0 |   0.0 |       4 |       0 |   0.0
            +---------+---------+-------+---------+---------+-------
